 Dungeon Crawl Stone Soup version 0.29-a0-541-gaf1fc19f1b (webtiles) character file.

Game seed: 13039299730223224887

411 porpoise the Shooter (level 6, 0/39 HPs)
             Began as a Tengu Hunter on June 3, 2022.
             Slain by Duvessa
             ... wielding a +0 short sword
              (6 damage)
             ... on level 5 of the Dungeon.
             The game lasted 00:07:10 (2872 turns).

porpoise the Shooter (Tengu Hunter)                 Turns: 2872, Time: 00:07:11

Health: 0/39       AC:  6    Str: 11    XL:     6   Next: 90%
Magic:  7/7        EV: 13    Int: 10    God:
Gold:   230        SH:  0    Dex: 19    Spells: 5/5 levels left

rFire   . . .      SeeInvis .   b - +4 dagger (venom)
rCold   . . .      Faith    .   (no shield)
rNeg    . . .      Spirit   .   f - +1 ring mail
rPois   .          Reflect  .   (helmet restricted)
rElec   .          Harm     .   (no cloak)
rCorr   .          Rampage  .   (no gloves)
Will    .....                   (boots unavailable)
Stlth   ++........              (no amulet)
HPRegen 0.13/turn               (no ring)
MPRegen 0.10/turn               (no ring)

@: flying quickly and evasively, quick
A: beak, talons 3, nimble flight
a: no special abilities


You were on level 5 of the Dungeon.
You visited 1 branch of the dungeon, and saw 5 of its levels.

You collected 230 gold pieces.

Inventory:

Hand Weapons
 a - a +1 shortbow
 b - a +4 dagger of venom (weapon)
 t - a +1 vorpal trident
Armour
 f - a +1 ring mail (worn)
Jewellery
 o - an amulet of faith
Wands
 s - a wand of iceblast (10)
Scrolls
 c - a scroll of immolation
 d - a scroll of enchant weapon {unknown}
 e - a scroll of identify
 g - a scroll of noise
 h - a scroll of silence {unknown}
 i - 2 scrolls of amnesia
 m - a scroll of enchant armour
 p - 2 scrolls of teleportation
Potions
 j - a potion of invisibility
 k - a potion of mutation
 n - a potion of attraction
 q - a potion of experience {unknown}
 r - a potion of haste {unknown}


   Skills:
 - Level 4.5 Fighting
 * Level 1.0 Short Blades
 * Level 6.5 Bows
 - Level 2.1 Dodging
 + Level 3.2 Stealth


You had 5 spell levels left.
You didn't know any spells.
Your spell library contained the following spells:

 Spells                   Type           Power      Damage    Failure   Level
 Sandblast                Erth           0%         2d4       67%         1
 Passwall                 Tmut/Erth      0%         N/A       80%         2
 Stone Arrow              Conj/Erth      0%         3d7       95%         3


Dungeon Overview and Level Annotations

Branches:
Dungeon (5/15)             Temple (0/1) D:5

Altars:
Xom

Annotations:
D:5 Duvessa


Innate Abilities, Weirdness & Mutations

You have a beak for a mouth.
You have claws for feet.
Your magical nature lets you fly swiftly and evasively.


Message History

Duvessa closely misses you.
You barely miss Duvessa. Your kick misses Duvessa.
You peck Duvessa, but do no damage.
Duvessa is moderately wounded.
Duvessa hits you but does no damage. Duvessa closely misses you.
You hit Duvessa.
Duvessa looks as sick as possible!
Your kick misses Duvessa.
Duvessa is moderately wounded.
Duvessa hits you with a +0 short sword.
You hit Duvessa.
Duvessa looks as sick as possible!
Duvessa is moderately wounded.
Duvessa misses you. Duvessa barely misses you.
A hound comes into view.
You closely miss Duvessa.
The hound barks!
Your peck misses Duvessa.
Duvessa is heavily wounded.
Duvessa hits you with a +0 short sword.
You hit Duvessa.
Duvessa looks as sick as possible!
You claw Duvessa.
Duvessa is severely wounded.
Duvessa hits you with a +0 short sword!
* * * LOW HITPOINT WARNING * * *
Duvessa hits you with a +0 short sword.
* * * LOW HITPOINT WARNING * * *
Duvessa attacks as you move away! Duvessa hits you but does no damage.
The hound bites you but does no damage.
There is a stone staircase leading up here.
You hit Duvessa.
Duvessa looks as sick as possible!
Your kick misses Duvessa.
Duvessa is severely wounded.
Duvessa is no longer moving quickly.
Duvessa closely misses you. The hound closely misses you.
You hit Duvessa.
Duvessa looks as sick as possible!
You claw Duvessa. You peck Duvessa, but do no damage.
Duvessa is almost dead.
Duvessa completely misses you. The hound bites you.
* * * LOW HITPOINT WARNING * * *
Duvessa closely misses you.
You hit Duvessa but do no damage.
Duvessa looks as sick as possible!
Duvessa is almost dead.
The hound barely misses you. Duvessa hits you with a +0 short sword.
You die...

..... .....
.....####
...#.8.#######
#.....$.....#
#.8.>.8....
#...)...#
#.8e# ###@#
#h# ... ##.#.
..#.. ..# ..
..# ... ....
...


You could see Duvessa (berserk, extremely poisoned) and a hound.

Vanquished Creatures
  A black bear (D:4)
  A jelly (D:4)
  A scorpion (D:4)
  Dowan (D:5)
  A hound (D:4)
  6 adders
  2 worms (D:2)
  A dart slug (D:3)
  2 orcs
  4 ball pythons
  5 endoplasms
  4 giant cockroaches
  10 goblins
  A hobgoblin (D:4)
  A jackal (D:2)
  4 kobolds
  3 quokkas
  4 bats
  4 frilled lizards
  6 rats
62 creatures vanquished.

Notes
Turn   | Place    | Note
-------+----------+-------------------------------------------
     0 | D:1      | porpoise the Tengu Hunter began the quest for the Orb.
     0 | D:1      | Reached XP level 1. HP: 12/12 MP: 2/2
   192 | D:1      | Reached XP level 2. HP: 9/17 MP: 3/3
   477 | D:1      | Found a faded altar of an unknown god.
   625 | D:1      | Reached XP level 3. HP: 22/22 MP: 4/4
   951 | D:2      | Found a shimmering altar of Xom.
   962 | D:2      | Reached skill level 5 in Bows
  1311 | D:3      | Reached XP level 4. HP: 27/28 MP: 5/5
  1886 | D:4      | Gained mutation: Your magical nature lets you fly swiftly
                  | and evasively. [Tengu growth]
  1886 | D:4      | Reached XP level 5. HP: 32/32 MP: 6/6
  2089 | D:4      | Reached skill level 6 in Bows
  2089 | D:4      | Reached XP level 6. HP: 14/38 MP: 7/7
  2350 | D:4      | Found a shimmering altar of Xom.
  2558 | D:4      | Noticed a black bear
  2586 | D:4      | Killed a black bear
  2850 | D:5      | Entered Level 5 of the Dungeon
  2850 | D:5      | Found a staircase to the Ecumenical Temple.
  2851 | D:5      | Noticed Dowan
  2853 | D:5      | Noticed Duvessa
  2861 | D:5      | Killed Dowan
  2862 | D:5      | Reached skill level 1 in Short Blades
  2872 | D:5      | Slain by Duvessa

Illustrated notes

Levels and vault maps discovered:
D:1:      dpeg_arrival_long_road, layout_loops_ring, basic_ecumenical_altar
D:2:      layout_rooms, basic_altar, minmay_tripent
D:3:      layout_basic
D:4:      minmay_chambers_of_twos, layout_cave_pools, brannock_xom_greatest_gift
D:5:      layout_basic, minmay_temple_entry_statues_pillars, serial_shops,
          shop_statue, uniq_sigmund, uniq_duvessa, uniq_eustachio

Skill      XL: |  1  2  3  4  5  6 |
---------------+-------------------+-----
Bows           | 5 6 |  6.5
Fighting       | 3 4 |  4.5
Stealth        | 2 3 |  3.2
Short Blades   | 1 |  1.0
Dodging        | |  2.1

Action                   |  1- 3 |  4- 6 || total
-------------------------+-------+-------++-------
Melee: Dagger            |       |    24 ||    24
       Peck              |       |     5 ||     5
       Kick              |       |     4 ||     4
       Punch             |       |     1 ||     1
 Fire: Shortbow          |    85 |    67 ||   152
  Use: Scroll            |       |     8 ||     8
       Potion            |       |     1 ||     1
Armor: Ring mail         |     7 |    29 ||    36
Dodge: Dodged            |     8 |    33 ||    41

Table legend: (Time is in decaauts)
 A = Elapsed time spent in this place.
 B = Non-inter-level travel time spent in this place.
 C = Inter-level travel time spent in this place.
 D = Time resting spent in this place.
 E = Time spent auto-exploring this place.
 F = Levels seen in this place.
 G = Mean time per level.
                   A        B        C        D        E       F      G
               +--------+--------+--------+--------+--------+-----+--------+
         Total |   2880 |   2785 |     95 |    817 |   1554 |   5 |  576.0 |
       Dungeon |   2880 |   2785 |     95 |    817 |   1554 |   5 |  576.0 |
               +--------+--------+--------+--------+--------+-----+--------+

Top non-repeatable levels by time:
     D:4: 1161 daAuts
     D:1: 779 daAuts
     D:3: 618 daAuts
     D:2: 299 daAuts
     D:5: 22 daAuts
